 Dungeon Crawl Stone Soup version 0.30.1-11-g7821555f0a (webtiles) character file.

Game seed: 7345742675606855025

149 Curundu the Slasher (level 5, -2/47 HPs)
             Began as a Minotaur Berserker on Jan 1, 2024.
             Was a Believer of Trog.
             Succumbed to a water moccasin's poison
             ... on level 3 of the Dungeon.
             The game lasted 00:06:41 (2003 turns).

Curundu the Slasher (Minotaur Berserker)            Turns: 2003, Time: 00:06:42

Health: -2/47      AC:  9    Str: 26    XL:     5   Next: 9%
Magic:  4/4        EV: 12    Int:  7    God:    Trog [**....]
Gold:   121        SH:  0    Dex: 16    Spells: 4/4 levels left

rFire   . . .        a - +0 falchion
rCold   + . .        (no shield)
rNeg    . . .        j - +0 ring mail
rPois   .            (helmet restricted)
rElec   .            (no cloak)
rCorr   .            (no gloves)
SInv    .            (no boots)
Will    .....        (no amulet)
Stlth   +            i - ring of Darkness {rC+ Str+3 Int+3 Dex+6}
HPRegen 0.27/turn    k - +4 ring of protection
MPRegen 0.09/turn

%: no passive effects
@: lethally poisoned (-2 -> -21)
A: horns 2, retaliatory headbutt
a: Renounce Religion, Berserk, Trog's Hand


You were on level 3 of the Dungeon.
You worshipped Trog.
Trog was pleased with you.
You visited 1 branch of the dungeon, and saw 3 of its levels.

You collected 121 gold pieces.

Inventory:

Hand Weapons
 a - a +0 falchion (weapon)
Armour
 j - a +0 ring mail (worn)
Jewellery
 i - the ring of Darkness (left hand) {rC+ Str+3 Int+3 Dex+6}
   (You found it on level 2 of the Dungeon)

   [ring of dexterity]

   Str:       It affects your strength (+3).
   Int:       It affects your intelligence (+3).
   Dex:       It affects your dexterity (+6).
   rC:        It protects you from cold.
 k - a +4 ring of protection (right hand)
Scrolls
 c - 2 scrolls of noise {unknown}
 e - a scroll of fog {unknown}
 g - 3 scrolls of identify {unknown}
Potions
 b - a potion of lignification {unknown}
 d - a potion of resistance {unknown}
 f - 3 potions of cancellation {unknown}
 h - a potion of attraction {unknown}


   Skills:
 + Level 4.9 Fighting
 + Level 5.2 Long Blades
 + Level 3.0 Armour
 + Level 3.0 Dodging
 + Level 0.5 Stealth


You had 4 spell levels left.
You didn't know any spells.
Your spell library was empty.

Dungeon Overview and Level Annotations

Branches:
Dungeon (3/15)

Altars:
Dithmenos

Shops:
D:2 =[([


Innate Abilities, Weirdness & Mutations

You have a pair of horns on your head.
You reflexively headbutt those who attack you in melee.


Message History

You hit the water moccasin but do no damage.
The water moccasin is severely wounded.
You feel sick.
The water moccasin barely misses you. x2
You closely miss the water moccasin.
The water moccasin is severely wounded.
You feel sick.
The water moccasin bites you but does no damage.
You closely miss the water moccasin. You headbutt the water moccasin!
The water moccasin is almost dead.
You feel sick.
The water moccasin bites you but does no damage.
The water moccasin barely misses you.
You barely miss the water moccasin.
The water moccasin is almost dead.
You feel sick.
The water moccasin bites you but does no damage.
You hit the water moccasin.
Your headbutt misses the water moccasin.
The water moccasin is almost dead.
You feel sick.
You are no longer poisoned.
The water moccasin barely misses you. The water moccasin bites you.
You are poisoned.
The water moccasin poisons you!
You barely miss the water moccasin.
The water moccasin is almost dead.
You feel very sick. The water moccasin bites you.
* * * LOW HITPOINT WARNING * * *
You hit the water moccasin but do no damage.
The water moccasin is almost dead.
You feel sick. The water moccasin bites you.
* * * LOW HITPOINT WARNING * * *
The water moccasin bites you.
* * * LOW HITPOINT WARNING * * *
You are more poisoned.
The water moccasin poisons you!
You closely miss the water moccasin.
The water moccasin is almost dead.
You die...

#.......# #.# #########
#.# #.. ## ##. ... #.
.... #. ..... #######
......#### ##....<#
......S@.## ##.......
......##..######....?...
..... ##...............
.... ########........
... #........ ..
#........ # #...[....
##.....## ##...#..


You could see a water moccasin.

Vanquished Creatures
  Natasha (D:3)
  2 orc wizards (D:3)
  An adder (D:3)
  6 dart slugs
  3 orcs (D:3)
  4 endoplasms
  A giant cockroach (D:2)
  4 goblins (D:2)
  4 hobgoblins
  3 kobolds
  3 quokkas
  6 ball pythons
  5 bats
  A frilled lizard (D:2)
  9 rats
53 creatures vanquished.

Notes
Turn   | Place    | Note
-------+----------+-------------------------------------------
     0 | D:1      | Curundu the Minotaur Berserker began the quest for the Orb.
     0 | D:1      | Reached XP level 1. HP: 19/19 MP: 0/0
   210 | D:1      | Reached skill level 4 in Long Blades
   210 | D:1      | Reached XP level 2. HP: 27/27 MP: 1/1
   660 | D:2      | Found Pauhe's Armour Emporium.
   737 | D:2      | Identified the ring of Darkness {rC+ Str+3 Int+3 Dex+6}
   749 | D:2      | Found Famuguje's Jewellery Emporium.
   873 | D:2      | Found Nauqaydo's Antique Weapon Emporium.
   881 | D:2      | Found Zemev's Armour Shop.
  1015 | D:2      | Reached XP level 3. HP: 34/34 MP: 2/2
  1275 | D:2      | Reached ** piety under Trog
  1503 | D:3      | Reached XP level 4. HP: 11/41 MP: 3/3
  1855 | D:3      | Found a shadowy altar of Dithmenos.
  1862 | D:3      | Reached skill level 5 in Long Blades
  1955 | D:3      | Noticed Natasha
  1968 | D:3      | Killed Natasha
  1969 | D:3      | Reached XP level 5. HP: 33/47 MP: 4/4
  1984 | D:3      | Noticed a water moccasin
  2003 | D:3      | Succumbed to a water moccasin's poison

Illustrated notes

Levels and vault maps discovered:
D:1:      erik_arrival_triangle_small, layout_loops_ring, hex_large
D:2:      layout_loops_ring, serial_shops, shop, shop, shop, shop
D:3:      layout_rooms, grunt_qazlal_clouds, mainiacjoe_overflow_paths,
          grunt_ministairs_10, minmay_pentomino_pile, uniq_natasha

Skill      XL: |  1  2  3  4 |
---------------+-------------+-----
Fighting       | 4 |  4.9
Long Blades    | 4 5 |  5.2
Armour         | 3 |  3.0
Dodging        | 3 |  3.0
Stealth        | |  0.5

Action                     |  1- 3 |  4- 6 || total
---------------------------+-------+-------++-------
  Melee: Falchion          |    79 |    57 ||   136
         Headbutt          |    12 |     9 ||    21
         Punch             |     2 |       ||     2
   Stab: Sleeping          |     1 |       ||     1
 Armour: Animal skin       |     5 |       ||     5
         Ring mail         |    21 |    23 ||    44
  Dodge: Dodged            |    64 |    38 ||   102
